 Dungeon Crawl Stone Soup version 0.26-a0-712-ga5a9c9c9d0 (webtiles) character file.

Game seed: 12601413419277194150

143 Azzok the Chopper (level 5, 40/41 HPs)
             Began as a Demonspawn Berserker on Nov 9, 2020.
             Was a Believer of Trog.
             Quit the game on level 2 of the Dungeon.
             The game lasted 00:01:30 (1176 turns).

Azzok the Chopper (Demonspawn Berserker)            Turns: 1176, Time: 00:01:30

Health: 40/41      AC:  6    Str: 19    XL:     5   Next: 4%
Magic:  5/5        EV: 10    Int:  8    God:    Trog [**....]
Gold:   44         SH:  3    Dex: 12    Spells: 4/4 levels left

rFire    + . .     SeeInvis .   a - +0 hand axe
rCold    . . .     Faith    .   j - +0 buckler
rNeg     . . .     Spirit   +   i - +0 scale mail (curse)
rPois    .         Reflect  .   (no helmet)
rElec    .         Harm     .   (no cloak)
rCorr    .         Rampage  .   (no gloves)
MR       .....                  (no boots)
Stlth    ..........             (no amulet)
HPRegen  0.13/turn              e - ring of protection from fire (curse)
MPRegen  0.09/turn              (no ring)

@: no status effects
A: powered by pain 1, magic shield
a: Berserk, Trog's Hand, Renounce Religion


You were on level 2 of the Dungeon.
You worshipped Trog.
Trog was pleased with you.
You visited 1 branch of the dungeon, and saw 2 of its levels.

You collected 44 gold pieces.

Inventory:

Hand Weapons
 a - a +0 hand axe (weapon)
Armour
 d - a +0 ring mail
 i - a cursed +0 scale mail (worn)
 j - a +0 buckler (worn)
Jewellery
 e - a cursed ring of protection from fire (left hand)
Scrolls
 b - 2 scrolls of identify {unknown}
 g - a scroll of enchant weapon {unknown}
 l - a scroll of enchant armour {unknown}
Potions
 c - 2 potions of heal wounds {unknown}
 f - a potion of ambrosia {unknown}
 h - 2 potions of mutation {unknown}
 k - a potion of might {unknown}


   Skills:
 + Level 3.5 Fighting
 + Level 4.0 Axes
 + Level 2.4 Armour
 + Level 2.4 Dodging
 + Level 1.1 Shields


You had 4 spell levels left.
You didn't know any spells.
Your spell library was empty.

Dungeon Overview and Level Annotations

Branches:
Dungeon (2/15)

Altars:


Innate Abilities, Weirdness & Mutations

You sometimes gain a little power by taking damage.
When hurt, damage is shared between your health and your magic reserves.


Message History

An adder comes into view.
Found a scroll labeled ZYNOETRIT UCVY.
An adder is nearby!
The adder closely misses you.
You closely miss the adder. The adder bites you.
You miss the adder. The adder closely misses you.
The adder bites you but does no damage.
You hit the adder.
The adder is lightly wounded.
The adder closely misses you.
You barely miss the adder.
The adder is lightly wounded.
The adder closely misses you.
You slash the adder!
You kill the adder!
Trog accepts your kill.
You have reached level 5!
Your demonic ancestry asserts itself...
You feel your magical essence form a protective shroud around your flesh.
Are you sure you want to abandon this character and quit the game? (Confirm with "yes".)

▒▒▒▒▒▒▒▒
▒······▒
▒···▒▒·▒▒▒▒▒▒▒▒
▒▒▒··▒·@†·?····
▒▒·▒▒▒▒▒▒▒▒▒▒
▒·▒ ▒·▒▒▒
▒···▒▒▒
▒▒▒···▒▒ ▒▒·
▒▒▒
▒▒▒··▒▒▒▒▒▒····
▒·▒▒
▒▒··▒▒····▒
▒▒▒▒▒▒▒▒··▒
▒▒····▒▒


There were no monsters in sight!

Vanquished Creatures
  An ogre (D:2)
  An adder (D:2)
  An ooze (D:1)
  4 dart slugs (D:1)
  A giant cockroach (D:2)
  A hobgoblin (D:1)
  6 jackals (D:1)
  3 kobolds (D:1)
  5 bats
  4 frilled lizards (D:1)
  6 goblins
  2 rats (D:1)
35 creatures vanquished.

Notes
Turn   | Place    | Note
-------+----------+-------------------------------------------
     0 | D:1      | Azzok the Demonspawn Berserker began the quest for the Orb.
     0 | D:1      | Reached XP level 1. HP: 18/18 MP: 1/1
   135 | D:1      | Reached skill level 3 in Axes
   357 | D:1      | Gained mutation: You sometimes gain a little power by
                  | taking damage. [demonic ancestry]
   357 | D:1      | Reached XP level 2. HP: 24/24 MP: 2/2
   772 | D:1      | Reached XP level 3. HP: 29/29 MP: 3/3
   923 | D:1      | Reached ** piety under Trog
  1046 | D:2      | Noticed an ogre
  1053 | D:2      | Killed an ogre
  1053 | D:2      | Reached skill level 4 in Axes
  1053 | D:2      | Reached skill level 1 in Shields
  1053 | D:2      | Reached XP level 4. HP: 35/35 MP: 4/4
  1175 | D:2      | Gained mutation: When hurt, damage is shared between your
                  | health and your magic reserves. [demonic ancestry]
  1175 | D:2      | Reached XP level 5. HP: 40/41 MP: 5/5
  1176 | D:2      | Quit the game

Illustrated notes

Levels and vault maps discovered:
D:1:      dpeg_arrival_court, layout_basic, minmay_fountain_box,
          minmay_pentomino_x2
D:2:      layout_rooms, minmay_crystal_water

Skill      XL: |  1  2  3 |
---------------+----------+-----
Axes           | 3 4 |  4.0
Armour         | 2 |  2.4
Dodging        | 2 |  2.4
Shields        | 1 |  1.1
Fighting       | |  3.5

Action                   |  1- 3 |  4- 6 || total
-------------------------+-------+-------++-------
Melee: Hand axe          |    97 |     5 ||   102
Invok: Berserk           |     1 |       ||     1
Armor: Ring mail         |    24 |       ||    24
       Scale mail        |    16 |     1 ||    17
Dodge: Dodged            |    50 |     4 ||    54
Block: Buckler           |     4 |       ||     4

Table legend: (Time is in decaauts)
 A = Elapsed time spent in this place.
 B = Non-inter-level travel time spent in this place.
 C = Inter-level travel time spent in this place.
 D = Time resting spent in this place.
 E = Time spent auto-exploring this place.
 F = Levels seen in this place.
 G = Mean time per level.
                   A        B        C        D        E       F      G
               +--------+--------+--------+--------+--------+-----+--------+
         Total |   1201 |   1176 |     25 |    101 |    777 |   2 |  600.5 |
       Dungeon |   1201 |   1176 |     25 |    101 |    777 |   2 |  600.5 |
               +--------+--------+--------+--------+--------+-----+--------+

Top non-repeatable levels by time:
     D:1: 967 daAuts
     D:2: 233 daAuts
